AoeStats
← JEAN MAX

Arabia

506170646Analyzed
1v1 RM · 21d ago on Sep 12, 2026· 44m 48s· 2 players
Game mode
Random Map
Map size
Tiny (2 player)
Population
200
Speed
Normal
Resources
Standard
Victory
Conquest
Starting age
Dark Age
Ending age
Imperial Age
RankedLock teamsTeams togetherTeam positionsShared explorationLock speedFull tech treeHidden civsTurbo modeCheats
Victory
Defeat
🇵🇱 Spanish · Poland
1175
+17
🇫🇷 Malians · France
1203
-17
daniel2czubak
11:00 Feudal Age
12:16 Loom
15:40 Castle Age
15:37 Double-Bit Axe
18:35 Horse Collar
24:27 Husbandry
26:24 Heavy Plow
27:03 Wheelbarrow
30:48 Scale Barding Armor
31:27 Bloodlines
36:06 Imperial Age
34:39 Chain Barding Armor
36:26 Forging
38:23 Conscription
38:41 Plate Barding Armor
38:42 Iron Casting
38:48 Cavalier
40:01 Padded Archer Armor
41:44 Hoardings
42:45 Gold Mining
42:46 Stone Mining
JEAN MAX
2:32 Loom
11:18 Feudal Age
11:46 Double-Bit Axe
11:47 Horse Collar
15:40 Wheelbarrow
20:31 Castle Age
18:57 Forging
18:56 Stone Mining
18:58 Gold Mining
20:30 Fletching
21:37 Bow Saw
21:33 Padded Archer Armor
21:28 Bodkin Arrow
22:53 Pikeman
23:39 Elite Skirmisher
25:21 Squires
26:17 Hand Cart
25:46 Pikeman
27:01 Ballistics
27:28 Scale Mail Armor
27:46 Leather Archer Armor
29:04 Heavy Plow
30:41 Arson
31:47 Gold Shaft Mining
33:28 Stone Shaft Mining
33:43 Iron Casting
36:16 Thumb Ring
38:46 Imperial Age
39:40 Chain Mail Armor
39:18 Elite Gbeto
40:50 Ring Archer Armor
43:01 Plate Mail Armor
44:43 Conscription
Connection lost

Rejoining the realm…

Still unreachable

The connection could not be restored.

Session expired

The server has moved on; the page needs a fresh start.